 Dungeon Crawl Stone Soup version 0.22.1-6-g1668fe2c40 (webtiles) character file.

37612 LabCoat the Severer (level 13, -6/119 HPs)
             Began as a Hill Orc Fighter on Jan 25, 2019.
             Was an Elder of Trog.
             Mangled by a blink frog (11 damage)
             ... on level 4 of the Lair of Beasts.
             The game lasted 01:36:29 (19330 turns).

LabCoat the Severer (Hill Orc Fighter)             Turns: 19330, Time: 01:36:30

Health: -6/119     AC: 18    Str: 23    XL:     13   Next: 97%
Magic:  15/15      EV: 11    Int:  8    God:    Trog [****..]
Gold:   1487       SH: 14    Dex: 16    Spells: 12/12 levels left

rFire    + . .     SeeInvis .   O - +2 demon whip (flame)
rCold    + . .     Gourm    .   c - +1 shield
rNeg     . . .     Faith    .   D - +0 plate armour
rPois    .         Spirit   .   k - +0 helmet
rElec    .         Reflect  .   v - scarf {rC+ rF+}
rCorr    .         Harm     .   (no gloves)
MR       ++...                  C - +0 pair of boots
Stlth    ..........             (no amulet)
HPRegen  1.29/turn              Q - ring of flight
MPRegen  0.14/turn              (no ring)

@: agile, lethally poisoned (-6 -> -12), about to teleport, berserk cooldown,
regenerating, slowed, very slow
A: no striking features
a: Berserk, Trog's Hand, Brothers in Arms, Renounce Religion, Evoke Flight


You were on level 4 of the Lair of Beasts.
You worshipped Trog.
Trog was greatly pleased with you.
You were not hungry.

You visited 3 branches of the dungeon, and saw 15 of its levels.
You also visited: Sewer, Ice Cave and Volcano.

You collected 1541 gold pieces.
You spent 54 gold pieces at shops.

Inventory:

Hand Weapons
 a - a +1 war axe
 s - a +0 hunting sling of freezing
 w - a +2 flail of venom
 A - a +0 flail of holy wrath
 I - a +0 demon whip
 K - a +1 flail of draining
 O - a +2 demon whip of flaming (weapon)
 R - a +2 broad axe
Missiles
 d - 3 javelins
 e - 113 sling bullets
 H - 9 silver javelins
 P - 6 tomahawks of returning
 X - 2 tomahawks (quivered)
 Y - 5 needles of paralysis
Armour
 c - a +1 shield (worn)
 k - a +0 helmet (worn)
 q - a +0 troll leather armour {Purgy}
 v - a scarf of resistance (worn)
 z - a +0 cloak
 C - a +0 pair of boots (worn)
 D - a +0 plate armour (worn)
 F - a +0 large shield
Jewellery
 m - an uncursed ring of protection from cold {unknown}
 Q - a ring of flight (left hand)
Wands
 h - a wand of random effects (11)
 p - a wand of iceblast (11)
 x - a wand of paralysis (34)
 y - a wand of flame (1)
 B - a wand of enslavement (14)
 J - a wand of disintegration (6)
 S - a wand of polymorph (27)
Scrolls
 i - 5 scrolls of remove curse
 l - 3 scrolls of teleportation
 r - 4 scrolls of fog
 t - 4 scrolls of magic mapping
 G - 5 scrolls of identify
 L - a scroll of torment {unknown}
 N - 3 scrolls of fear
 W - a scroll of enchant weapon
Potions
 b - 3 potions of berserk rage
 g - a potion of flight {unknown}
 j - 3 potions of cancellation
 o - 2 potions of resistance
 u - 3 potions of brilliance
 E - 2 potions of might
 M - a potion of magic
 T - a potion of ambrosia {unknown}
Miscellaneous
 n - a sack of spiders
Comestibles
 f - 18 rations
 V - 3 chunks of flesh


   Skills:
 + Level 12.4 Fighting
 - Level 17.9(18.1) Axes
 * Level 3.0(10.8) Maces & Flails
 + Level 5.5 Throwing
 + Level 11.3 Armour
 + Level 10.6 Shields
 * Level 3.8 Evocations


You had 12 spell levels left.
You didn't know any spells.
Your spell library was empty.

Dungeon Overview and Level Annotations

Branches:
Dungeon (10/15)            Temple (1/1) D:5            Lair (4/6) D:10
  Swamp (0/4) Lair:3
  Snake: Lair:2-4    Spider: Lair:2-4       Orc: D:9-12

Altars:
Ashenzari
Cheibriados
Dithmenos
Elyvilon
Fedhas
Gozag
Hepliaklqana
Kikubaaqudgha
Makhleb
Nemelex Xobeh
Okawaru
Qazlal
Ru
Sif Muna
Trog
Uskayaw
Vehumet
Wu Jian
Xom
Yredelemnul
Zin
The Shining One

Shops:
D:5 [

Annotations:
Lair:4 Nessos


Message History

The blink frog hits you but does no damage.
Nessos shoots an arrow.
The arrow barely misses you.
The arrow hits the plant!
The arrow burns the plant!
The plant is poisoned.
As you read the scroll of teleportation, it crumbles to dust.
You feel strangely unstable.
You feel very sick.
Nessos intently looks at you, slowly moving his tail.
Nessos shoots an arrow.
The arrow barely misses you.
The arrow hits the plant!!
The arrow burns the plant.
The blink frog blinks!
The blink frog closely misses you.
Nessos shoots an arrow.
You block the arrow. The blink frog hits you!
* * * LOW HITPOINT WARNING * * *
Nessos shoots an arrow.
The arrow hits you but does no damage.
Okay, then.
There is a lethal amount of poison in your body!
* * * LOW HITPOINT WARNING * * *
You feel very sick.
Nessos shoots an arrow.
You block the arrow.
The blink frog blinks!
The blink frog hits you!
You die...

#.....#...###....
###...###+..#..#...
...F..##P....#.#...
#......+....'..... ..
#......#....#.#... ...##
#+###....#†#P..##....
.....##.P.#.....########...
....#....PF.....#####.##...
..........@§...............
..........(....c...........
.......(..>................
.######(.#.####.#.######.##
###### ##### ####


You could see Nessos and 2 blink frogs.

Vanquished Creatures
  A frost giant (IceCv)
  A dire elephant (Lair:2)
  A hydra (Lair:3)
  A death yak (IceCv)
  2 two-headed ogres
  An unseen horror (D:8)
  2 lindwurms (Volcano)
  A cyclops (D:10)
  An ice statue (IceCv)
  A black mamba (Lair:1)
  20 elephants (Lair:2)
  2 molten gargoyles (Volcano)
  7 spiny frogs
  2 komodo dragons
  A kobold demonologist (D:9)
  A rime drake (IceCv)
  16 polar bears
  A troll (D:10)
  Grinder (D:6)
  4 dream sheep (Lair:3)
  2 blink frogs (Lair:4)
  6 hippogriffs
  5 slime creatures (D:10)
  Sigmund (D:5)
  A spriggan (Lair:2)
  3 hogs (D:7)
  28 yaks
  A human (D:7)
  2 wyverns
  2 basilisks
  A steam dragon (D:9)
  Edmund (D:4)
  An acid dragon (D:8)
  3 water moccasins
  4 orc warriors
  Purgy (Sewer)
  5 phantoms
  An eye of draining (D:10)
  2 ice beasts
  3 black bears
  6 ogres
  18 wolves
  3 crocodiles
  6 centaurs
  4 big kobolds
  4 bullfrogs
  A gnoll sergeant (D:9)
  4 earth elementals (Volcano)
  A water moccasin zombie (D:9)
  2 scorpions
  5 howler monkeys
  8 crimson imps
  A quasit (D:8)
  A bullfrog zombie (D:8)
  A centaur zombie (D:6)
  3 hounds
  A jelly (D:6)
  2 bullfrog skeletons
  Crazy Yiuf (D:4)
  6 orc priests
  2 centaur skeletons (D:7)
  8 orc wizards
  2 iguanas
  Ijyb (D:4)
  7 worker ants
  A hound zombie (D:10)
  Robin (D:3)
  2 worker ant zombies
  10 gnolls
  11 adders
  A howler monkey skeleton (D:6)
  4 shadow imps
  An ooze (D:6)
  4 adder skeletons
  4 adder zombies
  3 worms
  2 dart slugs (D:1)
  5 leopard geckos
  42 orcs
  3 ball pythons (Sewer)
  A bat skeleton (D:2)
  A bat zombie (D:2)
  5 giant cockroaches
  22 goblins
  11 hobgoblins
  11 jackals
  17 kobolds
  2 quokkas (D:10)
  2 ball python skeletons (D:2)
  7 bats
  6 frilled lizards
  A jackal zombie (D:6)
  A leopard gecko skeleton (D:2)
  A leopard gecko zombie (D:2)
  2 quokka skeletons
  A quokka zombie (D:6)
  4 rats
  6 fungi
  A plant (Lair:2)
434 creatures vanquished.

Vanquished Creatures (others)
  2 orc wizards (D:3)
  62 fungi
  26 plants (Lair:2)
90 creatures vanquished.

Grand Total: 524 creatures vanquished

Notes
Turn   | Place    | Note
-------+----------+-------------------------------------------
     0 | D:1      | LabCoat the Hill Orc Fighter began the quest for the Orb.
     0 | D:1      | Reached XP level 1. HP: 19/19 MP: 1/1
   109 | D:1      | Reached XP level 2. HP: 27/27 MP: 2/2
   262 | D:1      | Reached skill level 3 in Axes
  1022 | D:2      | Reached XP level 3. HP: 31/33 MP: 3/3
  1299 | D:2      | Reached skill level 4 in Axes
  1447 | D:2      | Reached XP level 4. HP: 40/40 MP: 4/4
  1529 | D:2      | Reached skill level 5 in Axes
  1812 | D:2      | Reached XP level 5. HP: 36/46 MP: 5/5
  2222 | D:3      | Noticed Robin
  2231 | D:3      | Killed Robin
  2377 | D:3      | Reached skill level 6 in Axes
  2418 | D:3      | Found a shadowy altar of Dithmenos.
  2418 | D:3      | Found a glowing silver altar of Zin.
  2418 | D:3      | Found a deep blue altar of Sif Muna.
  2419 | D:3      | Found a shimmering altar of Xom.
  2558 | D:3      | Reached XP level 6. HP: 49/53 MP: 6/6
  2618 | D:3      | Reached skill level 7 in Axes
  3288 | D:4      | Found a glowing drain.
  3310 | Sewer    | Entered a sewer
  3342 | Sewer    | Noticed Purgy
  3358 | Sewer    | Killed Purgy
  3358 | Sewer    | Reached skill level 8 in Axes
  3358 | Sewer    | Reached XP level 7. HP: 45/60 MP: 7/7
  3958 | D:4      | Noticed Edmund
  3975 | D:4      | Killed Edmund
  3975 | D:4      | Reached skill level 9 in Axes
  4416 | D:4      | Noticed Ijyb
  4417 | D:4      | Paralysed by Ijyb for 4 turns
  4430 | D:4      | Killed Ijyb
  4710 | D:4      | Found a runed door.
  4714 | D:4      | Noticed Crazy Yiuf
  4717 | D:4      | Killed Crazy Yiuf
  4896 | D:5      | Entered Level 5 of the Dungeon
  4968 | D:5      | Reached XP level 8. HP: 67/67 MP: 8/8
  5058 | D:5      | Reached skill level 5 in Shields
  5194 | D:5      | Found Caont's Armour Shoppe.
  5200 | D:5      | Bought a +0 pair of boots for 54 gold pieces
  5210 | D:5      | Reached skill level 5 in Fighting
  5256 | D:5      | Found a staircase to the Ecumenical Temple.
  5279 | Temple   | Entered the Ecumenical Temple
  5350 | Temple   | Became a worshipper of Trog the Wrathful
  5513 | D:5      | Noticed Sigmund
  5524 | D:5      | Reached skill level 10 in Axes
  5624 | D:5      | Reached skill level 5 in Armour
  5781 | D:5      | Killed Sigmund
  5785 | D:5      | Reached skill level 11 in Axes
  5987 | D:6      | Noticed Grinder
  5998 | D:6      | Paralysed by Grinder for 4 turns
  6014 | D:6      | Killed Grinder
  6027 | D:6      | Reached XP level 9. HP: 36/74 MP: 9/9
  6358 | D:6      | Reached skill level 12 in Axes
  6539 | D:6      | Found a bloodstained altar of Trog.
  6548 | D:6      | Reached * piety under Trog
  6736 | D:6      | Found a deep blue altar of Sif Muna.
  7251 | D:7      | Reached skill level 1 in Throwing
  7428 | D:7      | Reached skill level 13 in Axes
  7598 | D:7      | Found a sacrificial altar of Ru.
  7655 | D:7      | Reached ** piety under Trog
  7663 | D:7      | Reached XP level 10. HP: 82/84 MP: 10/10
  7667 | D:7      | Reached skill level 14 in Axes
  8075 | D:7      | Found a shattered altar of Ashenzari.
  8557 | D:8      | Noticed a two-headed ogre
  8563 | D:8      | Killed a two-headed ogre
  9092 | D:8      | Killed an unseen horror
  9092 | D:8      | Reached skill level 15 in Axes
 10063 | D:9      | Reached *** piety under Trog
 10323 | D:9      | Reached XP level 11. HP: 94/94 MP: 11/11
 10441 | D:9      | Found an opulent altar of Gozag.
 10912 | D:9      | Noticed a sixfirhy
 10912 | D:9      | Reached skill level 16 in Axes
 11465 | D:10     | Entered Level 10 of the Dungeon
 11745 | D:10     | Noticed a cyclops
 11760 | D:10     | Killed a cyclops
 12055 | D:10     | Reached **** piety under Trog
 12465 | D:10     | Noticed a two-headed ogre
 12471 | D:10     | Killed a two-headed ogre
 12969 | D:10     | Found a staircase to the Lair.
 12996 | Lair:1   | Entered Level 1 of the Lair of Beasts
 13084 | Lair:1   | Found a dark tunnel.
 13104 | Volcano  | Entered a volcano
 13158 | Volcano  | Noticed a lindwurm
 13158 | Volcano  | Noticed a lindwurm
 13164 | Volcano  | Received a gift from Trog
 13479 | Volcano  | Killed a lindwurm
 13934 | Volcano  | Killed a lindwurm
 13934 | Volcano  | Reached XP level 12. HP: 79/105 MP: 12/12
 14056 | Volcano  | Reached skill level 1 in Evocations
 14552 | Lair:1   | Reached skill level 17 in Axes
 15006 | Lair:2   | Received a gift from Trog
 15145 | Lair:2   | Reached skill level 10 in Fighting
 15764 | Lair:2   | Noticed a dire elephant
 15788 | Lair:2   | Killed a dire elephant
 15816 | Lair:2   | Reached skill level 10 in Armour
 15816 | Lair:2   | Reached XP level 13. HP: 57/116 MP: 14/14
 16199 | Lair:2   | Received a gift from Trog
 16676 | Lair:3   | Found a staircase to the Swamp.
 16685 | Lair:3   | Found a frozen archway.
 16696 | Lair:3   | Reached skill level 5 in Throwing
 16988 | IceCv    | Entered an ice cave
 17325 | IceCv    | Received a gift from Trog
 17680 | IceCv    | Received a gift from Trog
 17680 | IceCv    | Reached skill level 10 in Shields
 18281 | IceCv    | Noticed a frost giant
 18311 | IceCv    | Reached skill level 1 in Maces & Flails
 18321 | IceCv    | Killed a frost giant
 19296 | Lair:4   | Noticed Nessos
 19330 | Lair:4   | HP: 5/119 [poisoned by Nessos]
 19330 | Lair:4   | Mangled by a blink frog

Skill      XL: |  1  2  3  4  5  6  7  8  9 10 11 12 13 |
---------------+----------------------------------------+-----
Axes           | 3 4 5 6 8 9 11 13 15 16 17 | 17.9
Fighting       | 4 5 6 7 9 11 12 | 12.4
Shields        | 4 5 6 7 8 9 10 | 10.6
Armour         | 4 5 6 7 8 10 11 | 11.3
Throwing       | 1 3 4 5 |  5.5
Evocations     | 2 3 |  3.8
Maces & Flails | 3 |  3.0

Action                   |  1- 3 |  4- 6 |  7- 9 | 10-12 | 13-15 || total
-------------------------+-------+-------+-------+-------+-------++-------
Melee: War axe           |   112 |   251 |   376 |   523 |       ||  1262
       Flail             |       |       |       |     1 |       ||     1
       Broad axe         |       |       |       |   176 |   373 ||   549
       Demon whip        |       |       |       |       |    39 ||    39
Throw: Tomahawk          |       |    12 |    11 |    63 |    24 ||   110
       Throwing net      |       |       |     2 |       |       ||     2
       Javelin           |       |       |       |    27 |    15 ||    42
Invok: Berserk           |       |       |     3 |    12 |     5 ||    20
       Trog's Hand       |       |       |       |     3 |     3 ||     6
Evoke: Wand              |       |       |       |    23 |    11 ||    34
  Use: Scroll            |     2 |     4 |     7 |    18 |     2 ||    33
       Potion            |     1 |     1 |     2 |     3 |     6 ||    13
 Stab: Distracted        |       |       |       |     1 |       ||     1
       Invisible         |       |       |       |       |     7 ||     7
  Eat: Chunk             |     2 |     5 |     5 |    10 |     5 ||    27
       Ration            |       |     1 |     3 |     8 |     4 ||    16
Armor: Scale mail        |    54 |    81 |       |       |       ||   135
       Chain mail        |       |    35 |   130 |   185 |       ||   350
       Plate armour      |       |       |       |   107 |   177 ||   284
Dodge: Dodged            |    43 |    54 |    49 |   111 |   111 ||   368
Block: Shield            |    67 |   138 |   142 |   296 |   236 ||   879
